 Dungeon Crawl Stone Soup version 0.30-b1-2-g02819fbbbe (webtiles) character file.

Game seed: 17278827206580036462

39 steamdo11 the Caller (level 3, -7/14 HPs)
             Began as a Felid Summoner on Nov 4, 2023.
             Mangled by a gnoll
             ... wielding a +0 flail
              (9 damage)
             ... on level 2 of the Dungeon.
             The game lasted 00:02:18 (1278 turns).

steamdo11 the Caller (Felid Summoner)               Turns: 1278, Time: 00:02:18

Health: -7/14      AC:  1    Str:  4    XL:     3   Next: 26%
Magic:  7/8        EV: 17    Int: 18    God:
Gold:   25         SH:  0    Dex: 16    Spells: 1/7 levels left
                                        Lives:  0   Deaths: 0

rFire   . . .        (weapon unavailable)
rCold   . . .        (shield unavailable)
rNeg    . . .        (body armour unavailable)
rPois   .            (helmet unavailable)
rElec   .            (cloak unavailable)
rCorr   .            (gloves unavailable)
SInv    +            (boots unavailable)
Will    .....        (no amulet)
Stlth   ++           (no ring)
HPRegen 0.22/turn    (no ring)
MPRegen 0.11/turn

%: no passive effects
@: quick
A: very small, claws 1, fangs 3, see invisible, speed 1, shaggy fur 1, stealthy
paws, no weapons or thrown items, no armour, multi-lived
a: no special abilities


You were on level 2 of the Dungeon.
You visited 1 branch of the dungeon, and saw 2 of its levels.

You collected 25 gold pieces.

Inventory:

Scrolls
 b - a scroll of immolation {unknown}
 c - a scroll of amnesia {unknown}
 e - a scroll of torment {unknown}
 f - a scroll of magic mapping {unknown}
 i - a scroll of identify {unknown}
 j - a scroll of vulnerability {unknown}
Potions
 a - a potion of magic
 d - a potion of heal wounds {unknown}
 g - a potion of cancellation {unknown}
 h - a potion of invisibility {unknown}


   Skills:
 - Level 2.6 Dodging
 - Level 2.6 Stealth
 + Level 2.8 Spellcasting
 + Level 4.6 Summonings


You had one spell level left.
You knew the following spells:

 Your Spells              Type           Power      Damage    Failure   Level
a - Summon Small Mammal   Summ           76%        N/A       2%          1
b - Call Imp              Summ           38%        N/A       3%          2
c - Call Canine Familiar  Summ           19%        N/A       8%          3

Your spell library contained the following spells:

 Spells                   Type           Power      Damage    Failure   Level
 Summon Guardian Golem    Hex/Summ       10%        N/A       19%         3
 Ensorcelled Hibernation  Hex/Ice        4%         N/A       26%         2
 Spider Form              Tmut/Pois      2%         N/A       45%         3
 Summon Lightning Spire   Summ/Air       10%        N/A       54%         4
 Anguish                  Hex/Necr       1%         N/A       86%         4


Dungeon Overview and Level Annotations

Branches:
Dungeon (2/15)

Altars:


Innate Abilities, Weirdness & Mutations

You have sharp claws.
You have razor-sharp teeth.
You have supernaturally acute eyesight. (SInv)
You cover ground quickly. (Speed+)
You are covered in fur. (AC +1)
Your paws help you pounce on unaware monsters.
You are incapable of wielding weapons or throwing items.
You cannot wear armour.
You gain extra lives every three experience levels.


Message History

Your quokka bites the giant cockroach.
The giant cockroach completely misses you.
Your quokka bites the giant cockroach.
Your quokka barely misses the giant cockroach.
Your cerulean imp hits the giant cockroach from afar with a -3 spear.
The giant cockroach dies!
Your quokka bites the gnoll.
Your cerulean imp hits the gnoll but does no damage.
Your quokka bites the gnoll.
The gnoll hits your quokka with a +0 flail!
Your quokka dies!
Your quokka's corpse disappears in a puff of smoke!
You scratch the gnoll.
The gnoll is heavily wounded.
Your cerulean imp hits the gnoll from afar with a -3 spear.
The gnoll hits your cerulean imp with a +0 spear.
The gnoll closely misses your quokka. The gnoll misses you.
You scratch the gnoll.
The gnoll is severely wounded.
Your quokka closely misses the gnoll.
Your cerulean imp hits the gnoll with a -3 spear.
The gnoll barely misses you. The gnoll misses your quokka.
Your quokka closely misses the gnoll.
You scratch the gnoll.
The gnoll is severely wounded.
Your cerulean imp hits the gnoll with a -3 spear.
The gnoll barely misses you. The gnoll closely misses your quokka.
Your quokka bites the gnoll but does no damage.
Your cerulean imp hits the gnoll with a -3 spear.
The gnoll closely misses your quokka.
The gnoll hits you from afar with a +0 spear!
Ouch! That really hurt!
Your quokka closely misses the gnoll.
The gnoll completely misses you.
Your quokka disappears in a puff of smoke!
Your cerulean imp barely misses the gnoll.
The gnoll hits you from afar with a +0 spear.
* * * LOW HITPOINT WARNING * * *
The gnoll hits you with a +0 flail!
Ouch! That really hurt!
You die...

.. ..........PP
.#. #..$........
.... ...........
#..##......?... #
...(...:....P
#.##....g......
..##....rg§.......
....†)..@†g5.)....
..................
..................
..................
...<..............
...##.............
..# #.#..........#
.. #.#.#.......##


You could see 3 gnolls, a friendly cerulean imp (summoned) and a friendly quokka
(summoned).

Vanquished Creatures (collateral kills)
  A gnoll (D:1)
  A dart slug (D:1)
  A bat (D:1)
  3 endoplasms
  2 giant cockroaches (D:2)
  2 hobgoblins
  4 jackals (D:1)
  A quokka (D:1)
  2 ball pythons (D:1)
  A frilled lizard (D:1)
  3 kobolds
  2 rats (D:1)
23 creatures vanquished.

Vanquished Creatures (others)
  7 plants (D:2)
7 creatures vanquished.

Grand Total: 30 creatures vanquished

Notes
Turn   | Place    | Note
-------+----------+-------------------------------------------
     0 | D:1      | steamdo11 the Felid Summoner began the quest for the Orb.
     0 | D:1      | Reached XP level 1. HP: 7/7 MP: 4/4
    73 | D:1      | Reached XP level 2. HP: 11/11 MP: 3/6
   111 | D:1      | Learned a level 2 spell: Call Imp
  1066 | D:1      | Reached XP level 3. HP: 14/14 MP: 4/8
  1081 | D:1      | Learned a level 3 spell: Call Canine Familiar
  1278 | D:2      | Mangled by a gnoll

Illustrated notes

Levels and vault maps discovered:
D:1:      amcnicky_arrival_single_pillar, layout_basic,
          nicolae_concentric_dashed_squares_mild, nicolae_eternal_life
D:2:      layout_rooms, nicolae_grassy_gnolls

Action                     || total
---------------------------++-------
  Melee: Unarmed           ||     4
   Cast: Summon Small Mamm ||    31
         Call Imp          ||    11
  Dodge: Dodged            ||    23
